 Dungeon Crawl Stone Soup version 0.25.1-2-g60ff931df9 (webtiles) character file.

Game seed: 910690331567982116

126 Martska the Archer (level 4, 0/36 HPs)
             Began as a Centaur Hunter on Oct 13, 2020.
             Slain by an orc
             ... wielding a +0 trident
              (5 damage)
             ... on level 3 of the Dungeon.
             The game lasted 00:05:15 (2989 turns).

Martska the Archer (Centaur Hunter)                 Turns: 2989, Time: 00:05:16

Health: 0/36       AC:  5    Str: 16    XL:     4   Next: 84%
Magic:  4/4        EV:  9    Int: 10    God:
Gold:   143        SH:  0    Dex:  9    Spells: 3/3 levels left

rFire    . . .     SeeInvis .   a - +1 shortbow
rCold    . . .     Gourm    .   (shield currently unavailable)
rNeg     + . .     Faith    .   c - +0 leather armour
rPois    .         Spirit   .   n - +0 helmet
rElec    .         Reflect  .   (no cloak)
rCorr    .         Harm     .   (no gloves)
MR       .....                  (no barding)
Stlth    +.........             (no amulet)
HPRegen  0.12/turn              g - ring of positive energy
MPRegen  0.09/turn              (no ring)

@: very quick
A: large, hooves 3, deformed body, speed 2, tough skin 3
a: no special abilities


You were on level 3 of the Dungeon.
You were not hungry.

You visited 1 branch of the dungeon, and saw 3 of its levels.

You collected 143 gold pieces.

Inventory:

Hand Weapons
 a - a +1 shortbow (weapon)
 b - a +0 short sword
Missiles
 d - 17 arrows (quivered)
Armour
 c - a +0 leather armour (worn)
 n - a +0 helmet (worn)
Jewellery
 g - a ring of positive energy (left hand)
Scrolls
 h - a scroll of enchant armour
 l - 3 scrolls of identify
 o - a scroll of noise
 r - a scroll of fear {unknown}
Potions
 e - a potion of cancellation {unknown}
 i - a potion of resistance {unknown}
 j - a potion of ambrosia {unknown}
 k - a potion of curing {unknown}
 m - a potion of haste {unknown}
 q - a potion of heal wounds {unknown}
Comestibles
 f - 4 rations
 p - 4 chunks of flesh


   Skills:
 * Level 2.0 Fighting
 * Level 8.2 Bows
 - Level 1.3 Dodging
 - Level 0.4 Stealth
 * Level 0.2 Unarmed Combat
 + Level 0.0 Spellcasting


You had 3 spell levels left.
You didn't know any spells.
Your spell library was empty.

Dungeon Overview and Level Annotations

Branches:
Dungeon (3/15)

Altars:


Innate Abilities, Weirdness & Mutations

You have hooves in place of feet.
Armour fits poorly on your strangely shaped body.
You cover ground very quickly.
You have extremely tough skin. (AC +3)


Message History

There is a stone staircase leading up here.
a - a +1 shortbow (weapon)
The orc priest shouts!
Firing (i - inventory)
d - 19 arrows (quivered)
Press: ? - help, Shift-Dir - straight line, f - orc
Aim: an orc, wielding a +0 trident and wearing a +0 leather armour You shoot an arrow.
The arrow closely misses the orc.
The arrow barely misses the orc.
The orc priest invokes the aid of Beogh against you.
Beogh smites you!
Firing (i - inventory)
d - 18 arrows (quivered)
Press: ? - help, Shift-Dir - straight line, f/p - orc
Aim: an orc, wielding a +0 trident and wearing a +0 leather armour You shoot an arrow.
The arrow hits the orc!
The orc is almost dead.
The orc priest invokes the aid of Beogh against you.
Beogh smites you!
* * * LOW HITPOINT WARNING * * *
The orc hits you from afar with a +0 trident.
You die...

....##. .......
...... ......
......
#####.....
.....#
#.......#
......
#.......##..
......
...#..........#
......
.......@..#
......
.........$#
......
....###o...#
...... ...
#o..... ......
. #..##....
...... oo##
#... ...... ...
... ...... ...
.. ......


You could see an orc priest and 3 orcs.

Vanquished Creatures
  Natasha (twice) (D:2)
  2 adders (D:2)
  2 worms (D:2)
  An orc (D:2)
  2 giant cockroaches
  7 goblins
  10 hobgoblins
  3 jackals (D:2)
  4 kobolds
  2 quokkas (D:2)
  6 bats
  2 frilled lizards
  5 rats (D:1)
48 creatures vanquished.

Notes
Turn   | Place    | Note
-------+----------+-------------------------------------------
     0 | D:1      | Martska the Centaur Hunter began the quest for the Orb.
     0 | D:1      | Reached XP level 1. HP: 17/17 MP: 1/1
   415 | D:1      | Reached skill level 6 in Bows
   415 | D:1      | Reached XP level 2. HP: 24/24 MP: 2/2
  1097 | D:2      | Reached XP level 3. HP: 20/29 MP: 3/3
  1287 | D:2      | Reached skill level 7 in Bows
  1563 | D:2      | Noticed Natasha
  1570 | D:2      | Killed Natasha
  1570 | D:2      | Reached XP level 4. HP: 21/36 MP: 4/4
  1717 | D:2      | Noticed Natasha
  2651 | D:2      | Killed Natasha
  2651 | D:2      | Reached skill level 8 in Bows
  2989 | D:3      | Slain by an orc

Illustrated notes

Levels and vault maps discovered:
D:1:      matt_arrival_refuge, layout_rooms, minmay_misc_feat_ornament,
          minmay_misc_feat_columns, minmay_tromino_i4
D:2:      layout_basic, serial_co_window_serial, co_window_corner_a,
          co_window_of_opportunity_a, co_window_paths_a, co_window_paths_b,
          co_window_of_opportunity_a, co_window_of_opportunity_b,
          co_window_corner_b, co_window_broadway_c, glass_columns_b,
          glass_columns_a, glass_columns_c, glass_columns_b, glass_columns_c,
          hex_large, uniq_natasha
D:3:      layout_basic, nicolae_dithmenos_shadow_blocks,
          gammafunk_temple_overflow_pools, first_ration,
          cheibrodos_sewer_entry_sluice

Skill      XL: |  1  2  3  4 |
---------------+-------------+-----
Bows           | 6 7 8 |  8.2
Fighting       | |  2.0
Dodging        | |  1.3
Stealth        | |  0.4
Unarmed Combat | |  0.2

Action                   |  1- 3 |  4- 6 || total
-------------------------+-------+-------++-------
Melee: Short sword       |    91 |    71 ||   162
       Kick              |    17 |    12 ||    29
 Fire: Shortbow          |     1 |     8 ||     9
  Use: Scroll            |       |     3 ||     3
  Eat: Chunk             |     1 |     4 ||     5
Armor: Leather armour    |    39 |    35 ||    74
Dodge: Dodged            |    51 |    43 ||    94
